 Dungeon Crawl Stone Soup version 0.26.0-18-gc5c842f807 (webtiles) character file.

Game seed: 4340238107795881311

3542 Helmschank the Zephyrmancer (level 10, 0/58 HPs)
             Began as a Tengu Air Elementalist on Jan 22, 2021.
             Was a Believer of Ashenzari.
             Slain by Harold
             ... wielding a +0 dire flail
              (28 damage)
             ... on level 8 of the Dungeon.
             The game lasted 00:46:44 (10964 turns).

Helmschank the Zephyrmancer (TeAE)                 Turns: 10964, Time: 00:46:45

Health: 0/58       AC:  5    Str: 12    XL:     10   Next: 8%
Magic:  7/18       EV: 16    Int: 16    God:    Ashenzari [**....]
Gold:   109        SH:  6    Dex: 14    Spells: 4/19 levels left

rFire    . . .     SeeInvis +   a - +3 short sword (speed) (curse)
rCold    . . .     Faith    .   q - +1 buckler (curse)
rNeg     . . .     Spirit   .   x - +1 robe "Tushejob" {SInv} (curse)
rPois    .         Reflect  .   (helmet restricted)
rElec    .         Harm     .   t - +0 cloak
rCorr    .         Rampage  .   e - +0 pair of gloves
Will     .....                  (boots unavailable)
Stlth    ++........             B - amulet of magic regeneration (curse)
HPRegen  0.19/turn              (no ring)
MPRegen  0.41/turn              (no ring)

@: marked, flying quickly and evasively, quick
A: beak, talons 3, able to fly
a: Stop Flying, Renounce Religion, Curse Item, Scrying


You were on level 8 of the Dungeon.
You worshipped Ashenzari.
Ashenzari was pleased with you.
You visited 2 branches of the dungeon, and saw 9 of its levels.

You collected 303 gold pieces.
You spent 194 gold pieces at shops.

Inventory:

Hand Weapons
 a - a cursed +3 short sword of speed (weapon)
 j - a +0 dagger
 u - a +0 rapier
 E - a +2 whip of electrocution
 J - a +0 falchion
 K - a cursed +0 falchion
 N - a +0 scimitar
Missiles
 b - 136 stones
 r - 13 boomerangs
 F - 3 throwing nets
Armour
 e - a +0 pair of gloves (worn)
 m - a +2 robe of fire resistance
 q - a cursed +1 buckler (worn)
 t - a +0 cloak (worn)
 x - the cursed +1 robe "Tushejob" (worn) {SInv}
   (You found it on level 8 of the Dungeon)

   It lets you see invisible.
   It has a curse placed upon it.
Jewellery
 f - an uncursed ring of resist corrosion
 B - a cursed amulet of magic regeneration (around neck)
 H - an uncursed ring of see invisible
Wands
 l - a wand of polymorph (3)
 v - a wand of enslavement (7)
Scrolls
 d - a scroll of immolation
 g - a scroll of fog
 i - a scroll of amnesia
 p - a scroll of teleportation
 s - 2 scrolls of blinking
 y - a scroll of remove curse
 A - a scroll of enchant weapon
 C - a scroll of identify
Potions
 c - 2 potions of haste
 h - 2 potions of mutation
 k - 5 potions of brilliance
 n - 2 potions of magic
 o - 2 potions of lignification
 w - a potion of curing
 z - a potion of resistance
 D - 3 potions of heal wounds
 I - a potion of cancellation {unknown}


   Skills:
 + Level 4.5 Fighting
 - Level 7.8(10.1) Short Blades
 - Level 2.0 Throwing
 - Level 3.0 Dodging
 - Level 3.0 Stealth
 - Level 5.0(6.4) Shields
 - Level 5.0 Spellcasting
 - Level 6.0 Conjurations
 - Level 9.0 Air Magic


You had 4 spell levels left.
You knew the following spells:

 Your Spells              Type           Power        Failure   Level
a - Shock                 Conj/Air       100%         1%          1
x - Swiftness             Air            32%          1%          2
z - Static Discharge      Conj/Air       28%          1%          3
Q - Airstrike             Air            16%          3%          4
R - Lightning Bolt        Conj/Air       14%          19%         5

Your spell library contained the following spells:

 Spells                   Type           Power        Failure   Level
 Stone Arrow              Conj/Erth      26%          13%         3
 Beastly Appendage        Tmut           8%           16%         1
 Sandblast                Erth           8%           16%         1
 Passwall                 Tmut/Erth      3%           22%         2
 Wereblood                Tmut           4%           22%         2
 Spider Form              Tmut/Pois      2%           41%         3
 Ice Form                 Ice/Tmut       4%           83%         4
 Petrify                  Tmut/Erth      4%           83%         4
 Blade Hands              Tmut           2%           99%         5
 Lee's Rapid Deconstruct  Erth           2%           99%         5


Dungeon Overview and Level Annotations

Branches:
Dungeon (8/15)             Temple (1/1) D:4
   Lair: D:8-11

Altars:
Ashenzari
Cheibriados
Dithmenos
Elyvilon
Fedhas
Gozag
Hepliaklqana
Nemelex Xobeh
Qazlal
Ru
Sif Muna
Trog
Vehumet
Wu Jian
Xom
Yredelemnul
Zin
The Shining One

Shops:
D:4 =   D:8 *

Annotations:
D:7 2 transporters, Grum; kaeus's ghost, novice OpWz
D:8 Harold


Innate Abilities, Weirdness & Mutations

You have a beak for a mouth.
You have claws for feet.
You can fly continuously.


Message History

Harold fires a harpoon shot at you. The harpoon shot hits you!
You are yanked forward by the harpoon shot.
You take 10 damage, and have 48/58 hp.
You now have 12/18 mp.
You hit Harold but do no damage. You claw Harold, but do no damage.
Harold is moderately wounded.
Casting: Shock (safe; 1% risk of failure)
Confirm with . or Enter, or press ? or * to list all spells.
Harold is struck by an arc of lightning!
Harold is heavily wounded.
You are struck by an arc of lightning.
The lightning grounds out.
Harold hits you with a +0 dire flail!
You take 17 damage, and have 31/58 hp.
MASSIVE DAMAGE!!
You now have 10/18 mp.
Casting: Static Discharge (safe; 1% risk of failure)
Confirm with . or Enter, or press ? or * to list all spells.
Harold is struck by an arc of lightning!
Harold is heavily wounded.
You are struck by an arc of lightning.
The lightning grounds out.
Harold hits you with a +0 dire flail!!
You die...

,, #.................P
#.................. * *
#....#............ # *
#....##........... . , *
#.....#......P..## . ,
#.....#......#### # *
#........#####
##........# *, *
#......@..### #..# *
#.....@.....## #..#
#............## #..#
#.............## #..#
...............## #..##
................###...#
* *
.................#....##
........................
, ................####..


You could see Harold.

Vanquished Creatures
  Pikel (D:6)
  Prince Ribbit (D:7)
  Sigmund (D:2)
  A wyvern (D:8)
  Edmund (D:6)
  3 orc warriors
  2 black bears
  2 phantoms
  2 ogres
  A lemure (D:6)
  A big kobold (D:8)
  4 bullfrogs
  A scorpion (D:6)
  3 wights
  8 howler monkeys
  A jelly (D:7)
  2 hounds
  An orc priest (D:4)
  A centaur skeleton (D:5)
  7 orc wizards
  Jessica (D:2)
  Terence (D:3)
  Natasha (thrice) (D:2)
  2 worker ants (D:5)
  A hound zombie (D:7)
  A hound skeleton (D:4)
  A howler monkey zombie (D:7)
  A worker ant zombie (D:7)
  3 gnolls
  A howler monkey skeleton (D:7)
  11 adders
  A river rat (D:7)
  A white imp (D:8)
  3 ufetubi
  2 oozes
  2 adder zombies (D:5)
  7 worms
  4 dart slugs
  5 leopard geckos
  14 orcs
  12 bats
  13 giant cockroaches
  7 goblins
  6 hobgoblins
  13 jackals
  14 kobolds
  5 quokkas
  5 frilled lizards
  2 goblin skeletons (D:8)
  A hobgoblin zombie (D:8)
  A jackal skeleton (D:7)
  2 kobold skeletons (D:8)
  A leopard gecko skeleton (D:4)
  2 orc zombies (D:8)
  2 quokka skeletons (D:7)
  14 rats
209 creatures vanquished.

Vanquished Creatures (others)
  13 fungi (D:8)
  19 plants
32 creatures vanquished.

Grand Total: 241 creatures vanquished

Notes
Turn   | Place    | Note
-------+----------+-------------------------------------------
     0 | D:1      | Helmschank the Tengu Air Elementalist began the quest for
                  | the Orb.
     0 | D:1      | Reached XP level 1. HP: 10/10 MP: 4/4
   254 | D:1      | Reached XP level 2. HP: 15/15 MP: 4/6
  1002 | D:1      | Reached XP level 3. HP: 19/19 MP: 4/7
  1358 | D:2      | Learned a level 2 spell: Swiftness
  1462 | D:2      | Noticed Jessica
  1531 | D:2      | Killed Jessica
  1532 | D:2      | Reached skill level 1 in Short Blades
  1532 | D:2      | Reached XP level 4. HP: 19/24 MP: 3/8
  1664 | D:2      | Noticed Natasha
  1669 | D:2      | Killed Natasha
  1823 | D:2      | Learned a level 3 spell: Static Discharge
  1871 | D:2      | Found a stormy altar of Qazlal.
  1925 | D:2      | Gained mutation: You can fly continuously. [Tengu growth]
  1925 | D:2      | Reached XP level 5. HP: 26/28 MP: 7/9
  2023 | D:2      | Reached skill level 5 in Air Magic
  2124 | D:2      | Noticed Natasha
  2137 | D:2      | Killed Natasha
  2529 | D:2      | Noticed Sigmund
  3112 | D:2      | Learned a level 4 spell: Airstrike
  3209 | D:2      | Killed Sigmund
  3210 | D:2      | Reached XP level 6. HP: 15/32 MP: 2/11
  3384 | D:2      | Noticed Natasha
  3397 | D:2      | HP: 1/32 [Natasha (9)]
  3404 | D:2      | Killed Natasha
  3644 | D:3      | Reached skill level 5 in Short Blades
  3995 | D:3      | Noticed Terence
  4724 | D:3      | Noticed a moth of wrath
  4727 | D:3      | Found a bloodstained altar of Trog.
  4965 | D:3      | Reached XP level 7. HP: 36/36 MP: 8/12
  5050 | D:3      | Killed Terence
  5051 | D:3      | Reached skill level 1 in Shields
  5591 | D:4      | Found a broken altar of Ashenzari.
  5600 | D:4      | Became a worshipper of Ashenzari the Shackled
  5897 | D:4      | Found a staircase to the Ecumenical Temple.
  5908 | Temple   | Entered the Ecumenical Temple
  6192 | D:4      | Found Touggix's Jewellery Shoppe.
  6195 | D:4      | Bought a cursed amulet of inaccuracy for 26 gold pieces
  6526 | D:5      | Entered Level 5 of the Dungeon
  6547 | D:5      | Found an ornate altar of the Wu Jian Council.
  6989 | D:5      | Reached XP level 8. HP: 36/41 MP: 8/13
  7214 | D:5      | Reached * piety under Ashenzari
  7439 | D:5      | Reached skill level 5 in Shields
  7439 | D:5      | Reached skill level 1 in Fighting
  7542 | D:6      | Noticed Pikel
  7555 | D:6      | Killed Pikel
  7647 | D:6      | Found a white marble altar of Elyvilon.
  7710 | D:6      | Noticed Edmund
  7723 | D:6      | Killed Edmund
  7724 | D:6      | Reached skill level 6 in Air Magic
  7834 | D:6      | Reached XP level 9. HP: 36/50 MP: 2/14
  7950 | D:6      | Reached skill level 7 in Air Magic
  8007 | D:6      | Found a glowing silver altar of Zin.
  8256 | D:6      | Reached skill level 8 in Air Magic
  8607 | D:7      | Found a radiant altar of Vehumet.
  8607 | D:7      | Found an opulent altar of Gozag.
  8694 | D:7      | Reached skill level 9 in Air Magic
  9012 | D:7      | Reached skill level 1 in Throwing
  9065 | D:7      | Found a transporter.
  9065 | D:7      | Found a transporter.
  9158 | D:7      | Found an ornate altar of the Wu Jian Council.
  9233 | D:7      | Noticed Prince Ribbit
  9245 | D:7      | Killed Prince Ribbit
  9624 | D:7      | Noticed kaeus's ghost (novice OpWz)
  9630 | D:7      | Noticed Grum
  9640 | D:7      | Identified the ring "Unga" {rF+ MP+9 Str+7}
  9798 | D:8      | Reached skill level 5 in Spellcasting
  9845 | D:8      | Learned a level 5 spell: Lightning Bolt
 10101 | D:8      | Found a shimmering blue altar of Sif Muna.
 10151 | D:8      | Found a glowing golden altar of the Shining One.
 10168 | D:8      | Reached ** piety under Ashenzari
 10206 | D:8      | Reached XP level 10. HP: 56/56 MP: 15/18
 10235 | D:8      | Identified the +1 robe of Sif Muna's Supremacy {Dex+3}
 10469 | D:8      | Noticed Harold
 10793 | D:8      | Got the cursed robe "Tushejob" {SInv}
 10804 | D:8      | Identified the cursed +1 robe "Tushejob" {SInv} (You found
                  | it on level 8 of the Dungeon)
 10810 | D:8      | Found Umpem's General Store.
 10817 | D:8      | Bought a scroll of identify for 28 gold pieces
 10817 | D:8      | Bought a potion of haste for 140 gold pieces
 10964 | D:8      | Slain by Harold

Illustrated notes

Levels and vault maps discovered:
D:1:      scummos_arrival_simple_fountains, layout_basic, minmay_quantized
D:2:      layout_basic, nicolae_qazlal_general_emergency,
          kennysheep_generic_room_5, uniq_jessica, uniq_natasha, uniq_sigmund
D:3:      layout_rooms, tgw_trog, portal_sewer_entry_f, minmay_misc_feat_square,
          uniq_terence
D:4:      layout_loops_ring, evilmike_ruin_ashenzari,
          minmay_temple_entry_proselytizer, serial_shops,
          nicolae_shop_behind_doors
D:5:      layout_loops_ring, basic_altar, kennysheep_crisscross,
          chequers_big_river
D:6:      layout_loops_ring, zin_statuary, basic_altar, kennysheep_another_room,
          uniq_pikel, uniq_edmund
D:7:      layout_loops_cross, nzn_wu_jian_council_hall,
          chequers_temple_overflow_statue_of_worship,
          gammafunk_ghost_gnarly_gnolls, uniq_prince_ribbit1
D:8:      layout_layer_cave, nicolae_tso_besieged_by_evil,
          grunt_lair_entry_orc_guard_hut, serial_shops, shop, basic_altar,
          chequers_serial_rivers_large_b, uniq_harold
Temple:   dpeg_chambers_temple

Skill      XL: |  1  2  3  4  5  6  7  8  9 10 |
---------------+-------------------------------+-----
Conjurations   | 2 6 |  6.0
Dodging        | 3 |  3.0
Short Blades   | 1 4 5 6 7 |  7.8
Stealth        | 3 |  3.0
Air Magic      | 5 6 9 |  9.0
Spellcasting   | 3 5 |  5.0
Shields        | 4 5 |  5.0
Fighting       | 3 4 |  4.5
Throwing       | 2 |  2.0

Action                   |  1- 3 |  4- 6 |  7- 9 | 10-12 || total
-------------------------+-------+-------+-------+-------++-------
Melee: Dagger            |     1 |       |       |       ||     1
       Short sword       |    22 |    51 |   176 |    29 ||   278
       Kick              |     4 |     9 |    51 |     7 ||    71
       Peck              |     3 |     7 |    19 |     6 ||    35
Throw: Stone             |    12 |    19 |    12 |       ||    43
       Boomerang         |       |       |     6 |       ||     6
 Cast: Shock             |    61 |   159 |   174 |    35 ||   429
       Static Discharge  |       |     2 |    41 |     7 ||    50
       Airstrike         |       |       |       |     5 ||     5
Invok: Curse Item        |       |       |     3 |       ||     3
 Abil: Fly               |       |     1 |       |       ||     1
Evoke: Wand              |       |       |     1 |       ||     1
  Use: Potion            |       |     3 |       |     1 ||     4
       Scroll            |       |       |    18 |     3 ||    21
 Stab: Sleeping          |       |       |     5 |       ||     5
Armor: Robe              |     2 |    11 |    20 |     8 ||    41
       Leather armour    |    14 |       |       |       ||    14
Dodge: Dodged            |    26 |    77 |    94 |    16 ||   213
Block: Buckler           |       |     3 |    37 |    10 ||    50
